 Dungeon Crawl Stone Soup version 0.20.1-1-g8b1a95d (webtiles) character file.

67279 Monsterracer the Lord of Darkness (level 14, -10/121 HPs)
             Began as a Demonspawn Wizard on Aug 4, 2017.
             Was the Champion of Kikubaaqudgha.
             Killed from afar by Azrael (14 damage)
             ... with a fireball
             ... on level 13 of the Dungeon on Aug 5, 2017.
             The game lasted 01:50:52 (28042 turns).

Monsterracer the Lord of Darkness (DsWz)           Turns: 28042, Time: 01:50:53

Health: -10/121    AC: 14    Str:  7    XL:     14   Next: 82%
Magic:  28/28      EV: 16    Int: 35    God:    Kikubaaqudgha [******]
Gold:   755        SH: 11    Dex: 12    Spells: 4/33 levels left

rFire    + . .     SeeInvis .   b - +7 whip (pain)
rCold    + . .     Gourm    .   v - +2 buckler
rNeg     . . .     Faith    .   l - +2 robe of the Gate {rC+ Regen+ Int+6}
rPois    .         Spirit   .   w - +1 hat
rElec    .         Reflect  .   J - +2 cloak {+Inv}
rCorr    .         Harm     .   n - +2 pair of gloves
MR       ++...     Rnd*Rage +   q - +2 pair of boots
Stlth    ++........             x - amulet "Azarufos" {Inacc Str-2 Int+3}
Regen    0.7/turn               T - ring of protection from fire
MPRegen  0.3/turn               y - ring "Fohatoh" {+Fly MR+ Int+3}

@: liquid flames, berserk cooldown, very slightly contaminated, glowing
A: antennae 1, hooves 1, large bone plates 1, berserk 1, nightstalker 2, robust
1, spiny 3
a: Receive Corpses, Torment, Renounce Religion, Evoke Invisibility, Evoke Flight


You were on level 13 of the Dungeon.
You worshipped Kikubaaqudgha.
Kikubaaqudgha was exalted by your worship.
You were not hungry.

You visited 4 branches of the dungeon, and saw 22 of its levels.

You collected 2158 gold pieces.
You spent 1403 gold pieces at shops.

Inventory:

Hand Weapons
 b - a +7 whip of pain (weapon)
Armour
 l - the +2 robe of the Gate (worn) {rC+ Regen+ Int+6}
   (You bought it in a shop on level 12 of the Dungeon)

   It affects your intelligence (+6).
   It protects you from cold.
   It increases your rate of regeneration.
 n - a +2 pair of gloves (worn)
 q - a +2 pair of boots (worn)
 v - a +2 buckler (worn)
 w - a +1 hat (worn)
 J - a +2 cloak of invisibility (worn)
Magical Staves
 a - an uncursed staff of death
Jewellery
 x - the amulet "Azarufos" (around neck) {Inacc Str-2 Int+3}
   (You bought it in a shop on level 6 of the Dungeon)

   [amulet of inaccuracy]

   It reduces the accuracy of all your attacks.
   It affects your strength (-2).
   It affects your intelligence (+3).
 y - the ring "Fohatoh" (right hand) {+Fly MR+ Int+3}
   (You bought it in a shop on level 6 of the Dungeon)

   [ring of flight]

   It affects your intelligence (+3).
   It affects your resistance to hostile enchantments.
   It lets you fly.
 z - a +4 ring of intelligence
 N - an uncursed ring of ice
 T - a ring of protection from fire (left hand)
Wands
 k - a wand of digging (15/24)
 F - a wand of iceblast (12/15)
 I - a wand of scattershot (3/9)
Scrolls
 g - 3 scrolls of magic mapping
 h - 4 scrolls of remove curse
 i - a scroll of amnesia
 p - 10 scrolls of teleportation
 s - 4 scrolls of immolation
 H - 5 scrolls of recharging
 P - 3 scrolls of identify
 R - a scroll of blinking
Potions
 c - a potion of lignification
 d - 3 potions of curing
 m - 3 potions of resistance
 o - 4 potions of cancellation
 u - 4 potions of might
 B - 3 potions of flight
 C - a potion of invisibility
 D - 2 potions of haste
 L - 2 potions of agility
 M - a potion of brilliance
 O - a potion of mutation
Books
 A - a book of Ice

   Spells                             Type                      Level
   a - Ice Form                       Ice/Transmutation            4
   b - Metabolic Englaciation         Hexes/Ice                    5
   c - Ozocubu's Refrigeration        Ice                          6
   d - Bolt of Cold                   Conjuration/Ice              6
   e - Freezing Cloud                 Conjuration/Ice/Air          6
   f - Simulacrum                     Ice/Necromancy               6
Comestibles
 e - 15 bread rations
 f - 37 royal jellies
 r - 10 fruits
 t - 11 meat rations
 E - 5 chunks of flesh


   Skills:
 + Level 10.1 Fighting
 + Level 9.4 Maces & Flails
 + Level 7.7 Dodging
 - Level 1.7 Stealth
 - Level 4.1 Shields
 + Level 10.0 Spellcasting
 - Level 10.5 Conjurations
 - Level 5.1 Charms
   Level 1.0 Summonings
 * Level 14.1 Necromancy
 - Level 0.8 Translocations
 + Level 1.3 Ice Magic


You had 4 spell levels left.
You knew the following spells:

 Your Spells              Type           Power        Failure   Level  Hunger
a - Magic Dart            Conj           ####         1%          1    None
b - Bolt of Draining      Conj/Necr      #######...   1%          5    ##.....
c - Vampiric Draining     Necr           #######...   1%          3    None
d - Dispel Undead         Necr           #######.     1%          5    ##.....
e - Blink                 Tloc           N/A          2%          2    None
f - Regeneration          Chrm/Necr      ######....   1%          3    None
g - Sublimation of Blood  Necr           #######...   0%          2    None
h - Animate Dead          Necr           N/A          1%          4    None
j - Ozocubu's Armour      Chrm/Ice       #####...     1%          3    None
k - Apportation           Tloc           ###...       1%          1    None


Dungeon Overview and Level Annotations

Branches:
Dungeon (13/15)            Temple (1/1) D:5            Lair (6/6) D:10
  Swamp (0/4) Lair:4       Spider (0/4) Lair:4        Slime (0/5) Lair:5
    Orc (2/2) D:11            Elf (0/3) Orc:2
 Vaults: D:13-14

Altars:
Ashenzari
Cheibriados
Dithmenos
Elyvilon
Fedhas
Gozag
Hepliaklqana
Kikubaaqudgha
Makhleb
Nemelex Xobeh
Okawaru
Qazlal
Ru
Sif Muna
Trog
Uskayaw
Vehumet
Xom
Yredelemnul
Zin
The Shining One
Beogh
Jiyva

Shops:
D:6 =   D:11 *   D:12 [   Orc:2 :*([

Portals:
Ice
Cave: D:13

Annotations:
D:13 Azrael
Lair:2 exclusion: oklob plant


Innate Abilities, Weirdness & Mutations

You have a pair of small antennae on your head.
You are partially covered in large bone plates. (SH +4)
You are significantly more attuned to the shadows.
You are completely covered in sharp spines.
You have large cloven feet.
You tend to lose your temper in combat.
You are robust. (+10% HP)


Message History

Huge Dmg: -7%(-8hp) hp: 5%(6hp)
Okay, then.
Okay, then.
Blink to where?
Press: ? - help, Dir - move target cursor You are very lightly contaminated with residual magic.
As you read the scroll of blinking, it crumbles to dust.
You are covered in liquid flames!
* * * LOW HITPOINT WARNING * * *
You block the hell hound's attack. The hell hound breathes flames at you.
The blast of flame hits the hell hound.
The hell hound completely resists.
The blast of flame hits you! You resist.
* * * LOW HITPOINT WARNING * * *
The hell hound closely misses you. Azrael gestures at you.
The fireball explodes!
The fireball engulfs the hell hound.
The hell hound completely resists.
The fireball engulfs you! You resist.
You die...
Kikubaaqudgha rasps: "You have failed me!
Welcome... death!"

###....####.)##
###...#####...#.## #
####...####.......#.### #
###...######........##..###
###...###
##..###########...###
....### ###...#######
##...... ..###
#.....##....####§...##. ###
###...##.E§h##.'§#..# #
###.##@h§Rh.§#.#..#
####.E§h##.+Z#..#
#....#######.. ###### ..# #
# ## .##


You could see Azrael, 2 fire elementals and 4 hell hounds.

Vanquished Creatures
  Donald (Orc:1)
  An orc warlord (Orc:2)
  Snorg (Lair:6)
  3 hydras
  Fannar (D:10)
  12 death yaks
  2 two-headed ogres (D:11)
  An orc high priest (Orc:2)
  2 unseen horrors
  6 orc knights (Orc:2)
  A deep elf mage (Orc:2)
  2 ugly things
  A manticore (Lair:4)
  3 orc sorcerers (Orc:2)
  2 cyclopes
  Joseph (D:8)
  2 elephants
  12 spiny frogs
  6 black mambas
  An eye of devastation (Lair:5)
  A kobold demonologist (D:12)
  2 rime drakes
  6 komodo dragons
  2 ice devils (D:13)
  6 polar bears
  2 queen bees
  6 trolls
  A tyrant leech (Lair:4)
  3 meliai (Lair:4)
  4 hornets (Lair:6)
  A meliai zombie (D:10)
  6 blink frogs (Lair:4)
  A dream sheep (Lair:6)
  8 hippogriffs
  6 slime creatures (D:12)
  A centaur simulacrum (D:13)
  6 wyverns
  11 spriggans (Lair:6)
  3 wraiths
  12 yaks
  4 basilisks (Lair:4)
  3 hungry ghosts
  A swamp worm (Lair:4)
  2 wargs (Orc:2)
  A hell hound (D:10)
  10 water moccasins
  An ice beast (D:5)
  6 black bears
  33 orc warriors
  5 porcupines
  3 sky beasts
  2 necrophages
  3 boggarts (Lair:6)
  2 phantoms
  An eye of draining (Lair:5)
  25 wolves
  9 centaurs
  10 ogres
  A big kobold (D:9)
  11 crocodiles
  14 bullfrogs
  A water moccasin zombie (D:11)
  4 scorpions
  53 killer bees
  3 wights (D:7)
  6 howler monkeys
  A spectral centaur (D:10)
  3 crimson imps
  2 bullfrog zombies
  4 centaur zombies
  3 centaur skeletons
  6 hounds
  11 jellies
  18 orc priests
  35 orc wizards
  2 bullfrog skeletons
  Jessica (D:2)
  A hell rat (Lair:4)
  An iguana (D:10)
  8 worker ants
  A bullfrog simulacrum (D:13)
  2 hound zombies
  A hound skeleton (D:6)
  A worker ant zombie (D:10)
  Robin (D:3)
  6 gnolls
  22 adders
  A shadow imp (D:11)
  3 white imps (D:13)
  6 oozes
  2 adder zombies
  An adder skeleton (D:4)
  2 worms
  A dart slug (D:1)
  12 leopard geckos
  91 orcs
  6 bats
  5 giant cockroaches
  10 hobgoblins
  17 jackals
  6 quokkas
  3 ball pythons
  12 frilled lizards
  2 giant cockroach zombies
  16 goblins
  A jackal skeleton (D:4)
  A jackal zombie (D:5)
  12 kobolds
  7 rats (D:1)
710 creatures vanquished.

Vanquished Creatures (collateral kills)
  A hydra (Lair:2)
  A death yak (Lair:6)
  A black mamba (Lair:6)
  2 spiny frogs
  A blink frog (Lair:2)
  A hornet (Lair:6)
  A hippogriff (Lair:6)
  A wyvern (Lair:4)
  3 spriggans (Lair:6)
  A water moccasin (Lair:4)
  2 orc warriors
  A hell hound (D:10)
  2 wolves
  2 crocodiles
  3 bullfrogs
  6 killer bees
  8 orc wizards
  3 orc priests
  11 orcs
51 creatures vanquished.

Vanquished Creatures (others)
  A fire elemental (D:13)
  5 fungi
  3 plants
9 creatures vanquished.

Grand Total: 770 creatures vanquished

Notes
Turn   | Place    | Note
-------+----------+-------------------------------------------
     0 | D:1      | Monsterracer the Demonspawn Wizard began the quest for the Orb.
     0 | D:1      | Reached XP level 1. HP: 13/13 MP: 4/4
   138 | D:1      | HP: 6/13 [hobgoblin/club (5)]
   555 | D:1      | Gained mutation: You are partially covered in sharp spines. [demonic ancestry]
   555 | D:1      | Reached XP level 2. HP: 19/19 MP: 1/6
  1383 | D:2      | Reached XP level 3. HP: 24/24 MP: 1/7
  1489 | D:2      | Learned a level 3 spell: Conjure Flame
  1493 | D:2      | Learned a level 3 spell: Mephitic Cloud
  1869 | D:2      | Gained mutation: You are slightly more attuned to the shadows. [demonic ancestry]
  1869 | D:2      | Reached XP level 4. HP: 30/30 MP: 0/8
  1873 | D:2      | Learned a level 2 spell: Blink
  2262 | D:2      | Noticed Jessica
  2268 | D:2      | Killed Jessica
  2603 | D:2      | Reached XP level 5. HP: 35/35 MP: 3/9
  2833 | D:3      | Found a burning altar of Makhleb.
  2837 | D:3      | Found a stormy altar of Qazlal.
  2990 | D:3      | Noticed Robin
  3010 | D:3      | Killed Robin
  3211 | D:3      | Reached skill level 1 in Fighting
  3211 | D:3      | Reached skill level 5 in Conjurations
  3211 | D:3      | HP: 17/37 [orc wizard/hand axe (6)]
  3495 | D:3      | Found a basalt altar of Yredelemnul.
  3664 | D:3      | Reached XP level 6. HP: 43/43 MP: 2/11
  4665 | D:4      | Found a shadowy altar of Dithmenos.
  4893 | D:4      | Found a shimmering altar of Xom.
  5270 | D:5      | Entered Level 5 of the Dungeon
  5493 | D:5      | Gained mutation: You are mostly covered in sharp spines. [demonic ancestry]
  5493 | D:5      | Reached XP level 7. HP: 47/50 MP: 13/13
  5590 | D:5      | Got a wavering granite ring
  5592 | D:5      | Identified the ring of Uxunurch {+Fly Str+2} (You found it on level 5 of the Dungeon)
  5725 | D:5      | Found a staircase to the Ecumenical Temple.
  5882 | Temple   | Entered the Ecumenical Temple
  5956 | Temple   | Became a worshipper of Kikubaaqudgha
  6088 | D:5      | Reached skill level 1 in Maces & Flails
  6088 | D:5      | Reached skill level 1 in Necromancy
  6712 | D:5      | Reached skill level 2 in Necromancy
  6851 | D:6      | Gained mutation: You are partially covered in large bone plates. (SH +4) [demonic ancestry]
  6851 | D:6      | Reached XP level 8. HP: 48/58 MP: 15/15
  6895 | D:6      | Gained mutation: Potions are less effective at restoring your health. [mutagenic meat]
  6896 | D:6      | Gained mutation: You tend to lose your temper in combat. [mutagenic meat]
  6898 | D:6      | Gained mutation: You have a pair of small horns on your head. [mutagenic meat]
  6899 | D:6      | Gained mutation: Your muscles are strong. (Str +2) [mutagenic meat]
  6900 | D:6      | Lost mutation: You have a pair of small horns on your head. [potion of mutation]
  6900 | D:6      | Lost mutation: Your muscles are strong. (Str +2) [potion of mutation]
  6900 | D:6      | Lost mutation: Potions are less effective at restoring your health. [potion of mutation]
  6900 | D:6      | Gained mutation: You have a pair of small horns on your head. [potion of mutation]
  6900 | D:6      | Gained mutation: You are agile. (Dex +2) [potion of mutation]
  6900 | D:6      | Gained mutation: You have large cloven feet. [potion of mutation]
  7034 | D:6      | Got a shimmering quarterstaff
  7035 | D:6      | Identified the cursed +0 quarterstaff of Usoira {crush, MR+} (You found it on level 6 of the Dungeon)
  7067 | D:6      | Reached * piety under Kikubaaqudgha
  7067 | D:6      | Identified Kikubaaqudgha's Reference Book on Stolen Souls (Kikubaaqudgha gifted it to you on level 6 of the Dungeon)
  7067 | D:6      | Received a gift from Kikubaaqudgha
  7078 | D:6      | Learned a level 2 spell: Sublimation of Blood
  7080 | D:6      | Learned a level 1 spell: Animate Skeleton
  7084 | D:6      | Learned a level 3 spell: Vampiric Draining
  7244 | D:6      | Found Veffa's Jewellery Shop.
  7392 | D:6      | Reached skill level 3 in Necromancy
  7397 | D:6      | Reached skill level 5 in Spellcasting
  8103 | D:7      | Found a shattered altar of Ashenzari.
  8235 | D:7      | Reached skill level 4 in Necromancy
  8327 | D:7      | Noticed a hippogriff
  8345 | D:7      | Killed a hippogriff
  8345 | D:7      | Gained mutation: You are completely covered in sharp spines. [demonic ancestry]
  8345 | D:7      | Reached XP level 9. HP: 65/65 MP: 10/17
  8800 | D:7      | Found a radiant altar of Vehumet.
  8800 | D:7      | Found a burning altar of Makhleb.
  8945 | D:8      | Reached skill level 5 in Necromancy
  9062 | D:8      | Reached ** piety under Kikubaaqudgha
  9069 | D:8      | Noticed Joseph
  9157 | D:8      | Killed Joseph
  9300 | D:8      | Noticed a two-headed ogre
  9322 | D:8      | Reached skill level 6 in Necromancy
  9452 | D:8      | Learned a level 3 spell: Regeneration
  9481 | D:8      | Reached skill level 5 in Maces & Flails
 10363 | D:9      | HP: 23/67 [orc warrior/war axe (24)]
 10378 | D:9      | Reached XP level 10. HP: 29/73 MP: 19/19
 10379 | D:9      | Identified a scroll of acquirement
 10768 | D:9      | Reached skill level 5 in Fighting
 11237 | D:9      | Reached skill level 7 in Necromancy
 11407 | D:10     | Entered Level 10 of the Dungeon
 11466 | D:10     | Killed an unseen horror
 11466 | D:10     | Reached *** piety under Kikubaaqudgha
 11466 | D:10     | Identified Kikubaaqudgha's Grimoire of Necromancy (Kikubaaqudgha gifted it to you on level 10 of the Dungeon)
 11466 | D:10     | Received a gift from Kikubaaqudgha
 11498 | D:10     | Learned a level 4 spell: Animate Dead
 11532 | D:10     | Noticed Fannar
 11590 | D:10     | HP: 37/74 [ice beast[Fannar] (8)]
 11598 | D:10     | HP: 9/74 [Fannar/Ozocubu's Refrigeration (27)]
 11830 | D:10     | HP: 34/74 [Fannar/Ozocubu's Refrigeration (17)]
 11832 | D:10     | Killed Fannar
 11998 | D:10     | Found a staircase to the Lair.
 12039 | D:10     | Reached skill level 5 in Dodging
 12418 | D:10     | Reached skill level 8 in Necromancy
 12601 | D:10     | Learned a level 5 spell: Bolt of Draining
 12661 | D:10     | Lost mutation: You are agile. (Dex +2) [potion of mutation]
 12661 | D:10     | Gained mutation: You are robust. (+10% HP) [potion of mutation]
 12661 | D:10     | Gained mutation: You have a pair of horns on your head. [potion of mutation]
 12945 | D:10     | Reached **** piety under Kikubaaqudgha
 13057 | D:10     | HP: 33/83 [komodo dragon (25)]
 13206 | Lair:1   | Entered Level 1 of the Lair of Beasts
 13361 | Lair:1   | Noticed a spiny frog
 13367 | Lair:1   | Killed a spiny frog
 13367 | Lair:1   | Reached XP level 11. HP: 89/89 MP: 21/21
 14155 | Lair:1   | Noticed a four-headed hydra
 14161 | Lair:1   | Killed a four-headed hydra
 14602 | Lair:2   | HP: 45/91 [spiny frog (7)]
 14606 | Lair:2   | Reached skill level 9 in Necromancy
 14607 | Lair:2   | HP: 39/91 [poisoned by a spiny frog]
 14609 | Lair:2   | HP: 9/91 [poisoned by a spiny frog]
 14614 | Lair:2   | HP: 9/91 [poisoned by a spiny frog]
 14619 | Lair:2   | HP: 12/91 [poisoned by a spiny frog]
 14624 | Lair:2   | HP: 15/91 [poisoned by a spiny frog]
 14629 | Lair:2   | HP: 19/91 [poisoned by a spiny frog]
 14636 | Lair:2   | HP: 26/91 [poisoned by a spiny frog]
 14637 | Lair:2   | Noticed a five-headed hydra
 14642 | Lair:2   | Killed a five-headed hydra
 14644 | Lair:2   | HP: 34/91 [poisoned by a spiny frog]
 15101 | Lair:2   | Noticed an oklob plant
 15426 | Lair:3   | Noticed a death yak
 15430 | Lair:3   | Noticed a death yak
 15431 | Lair:3   | Noticed a death yak
 15443 | Lair:3   | HP: 44/91 [death yak (10)]
 15448 | Lair:3   | HP: 38/91 [poisoned by a black mamba]
 15454 | Lair:3   | HP: 36/91 [poisoned by a black mamba]
 15460 | Lair:3   | HP: 36/91 [poisoned by a black mamba]
 15468 | Lair:3   | HP: 36/91 [poisoned by a black mamba]
 15667 | Lair:2   | Killed a death yak
 15821 | Lair:2   | Killed a death yak
 15893 | Lair:2   | HP: 42/92 [death yak (14)]
 15897 | Lair:2   | Killed a death yak
 16477 | Lair:3   | Gained mutation: You are significantly more attuned to the shadows. [demonic ancestry]
 16477 | Lair:3   | Reached XP level 12. HP: 79/100 MP: 23/23
 16886 | Lair:3   | Reached skill level 10 in Necromancy
 16959 | Lair:3   | HP: 22/100 [poisoned by a killer bee]
 16964 | Lair:3   | HP: 20/100 [poisoned by a killer bee]
 16969 | Lair:3   | HP: 23/100 [poisoned by a killer bee]
 16974 | Lair:3   | HP: 18/100 [poisoned by a killer bee]
 16980 | Lair:3   | HP: 23/100 [poisoned by a killer bee]
 16985 | Lair:3   | HP: 27/100 [poisoned by a killer bee]
 16992 | Lair:3   | HP: 31/100 [poisoned by a killer bee]
 17000 | Lair:3   | HP: 39/100 [poisoned by a killer bee]
 17690 | Lair:4   | Found a hole to the Spider Nest.
 18087 | Lair:4   | Reached skill level 11 in Necromancy
 18090 | Lair:4   | HP: 48/101 [komodo dragon (15)]
 18196 | Lair:4   | Noticed a death yak
 18199 | Lair:4   | Noticed a death yak
 18199 | Lair:4   | Noticed a death yak
 18200 | Lair:4   | Killed a death yak
 18201 | Lair:4   | Noticed a death yak
 18201 | Lair:4   | Noticed a death yak
 18202 | Lair:4   | Noticed a death yak
 18207 | Lair:4   | Killed a death yak
 18207 | Lair:4   | Killed a death yak
 18207 | Lair:4   | Killed a death yak
 18207 | Lair:4   | Reached ***** piety under Kikubaaqudgha
 18214 | Lair:4   | HP: 48/101 [death yak (7)]
 18215 | Lair:4   | Killed a death yak
 18216 | Lair:4   | Killed a death yak
 18548 | Lair:4   | Lost mutation: You have a pair of horns on your head. [demonic ancestry]
 18548 | Lair:4   | Lost mutation: You have a pair of small horns on your head. [demonic ancestry]
 18548 | Lair:4   | Gained mutation: You have a pair of small antennae on your head. [demonic ancestry]
 18548 | Lair:4   | Reached XP level 13. HP: 93/107 MP: 18/25
 18644 | Lair:4   | HP: 54/108 [spiny frog (3)]
 18649 | Lair:4   | HP: 50/108 [poisoned by a spiny frog]
 18654 | Lair:4   | HP: 51/108 [poisoned by a spiny frog]
 18660 | Lair:4   | HP: 54/108 [poisoned by a spiny frog]
 18861 | Lair:4   | Reached skill level 12 in Necromancy
 19098 | Lair:4   | Found a staircase to the Swamp.
 19716 | Lair:5   | Found a staircase to the Slime Pits.
 19867 | Lair:5   | HP: 44/108 [spiny frog (21)]
 20408 | Lair:5   | Learned a level 1 spell: Apportation
 20416 | Lair:5   | Learned a level 5 spell: Dispel Undead
 20615 | Lair:6   | Entered Level 6 of the Lair of Beasts
 20621 | Lair:6   | Noticed Snorg
 20624 | Lair:6   | Killed Snorg
 21132 | Lair:6   | HP: 36/111 [black bear (9)]
 21133 | Lair:6   | Reached skill level 10 in Conjurations
 21156 | Lair:6   | HP: 50/111 [death yak (17)]
 21169 | Lair:6   | Reached skill level 13 in Necromancy
 21217 | Lair:6   | Reached ****** piety under Kikubaaqudgha
 21219 | Lair:6   | Identified a +5 whip of pain (a +3 whip of venom bloodied by Kikubaaqudgha)
 21219 | Lair:6   | Received a gift from Kikubaaqudgha
 21219 | Lair:6   | HP: 44/111 [??? (34)]
 21267 | Lair:6   | HP: 42/111 [spriggan rider/spear (16)]
 22312 | D:11     | Reached XP level 14. HP: 97/118 MP: 13/27
 22904 | D:11     | Learned a level 3 spell: Ozocubu's Armour
 22946 | D:11     | Reached skill level 1 in Charms
 23454 | D:11     | Found Sayp's General Store.
 23526 | D:11     | Found a staircase to the Orcish Mines.
 23821 | D:6      | Bought the ring "Fohatoh" {+Fly MR+ Int+3} for 473 gold pieces
 23827 | D:6      | Bought the amulet "Azarufos" {Inacc Str-2 Int+3} for 72 gold pieces
 23973 | Orc:1    | Entered Level 1 of the Orcish Mines
 24161 | Orc:2    | Entered Level 2 of the Orcish Mines
 24314 | Orc:2    | Noticed an orc warlord
 24325 | Orc:2    | HP: 55/118 [orc priest/divine providence[an orc warlord] (14)]
 24335 | Orc:2    | Killed an orc warlord
 24335 | Orc:2    | Reached skill level 5 in Charms
 24542 | Orc:2    | Found a roughly hewn altar of Beogh.
 24575 | Orc:2    | Found Jotraywa's Book Boutique.
 24724 | Orc:2    | Found Cethrauz's Antique Armour Boutique.
 24768 | Orc:2    | Found Nidghiwk's General Store.
 24805 | Orc:2    | Bought a runed buckler for 262 gold pieces
 25284 | Orc:2    | Noticed Donald
 25308 | Orc:1    | Killed Donald
 26012 | Orc:2    | Found a staircase to the Elven Halls.
 26090 | Orc:2    | Found Gasunk's Antique Weapon Boutique.
 26115 | Orc:2    | Reached skill level 10 in Fighting
 26221 | D:12     | Reached skill level 10 in Spellcasting
 26274 | D:12     | Found a viscous altar of Jiyva.
 26963 | D:12     | Found a hazy altar of Hepliaklqana.
 26969 | D:12     | Found Wuone's Armour Emporium.
 27069 | D:12     | HP: 52/121 [very large slime creature (26)]
 27192 | D:12     | Bought the +2 robe of the Gate {rC+ Regen+ Int+6} for 596 gold pieces
 27646 | D:13     | Reached skill level 14 in Necromancy
 27695 | D:13     | Reached skill level 1 in Ice Magic
 28012 | D:13     | Found a frozen archway.
 28023 | D:13     | Noticed Azrael
 28037 | D:13     | HP: 46/121 [hell hound/blast of flame[Azrael] (22)]
 28037 | D:13     | HP: 8/121 [Azrael/bolt of fire (38)]
 28042 | D:13     | HP: 4/121 [burnt (2)]
 28042 | D:13     | Killed from afar by Azrael

Skill      XL: |  1  2  3  4  5  6  7  8  9 10 11 12 13 14 |
---------------+-------------------------------------------+-----
Conjurations   | 2 3 4 5 6 7 8 9 10 | 10.5
Fighting       | 1 2 3 4 6 7 8 9 10 | 10.1
Spellcasting   | 4 5 6 7 8 9 10 | 10.0
Maces & Flails | 2 4 5 6 7 8 9 |  9.4
Necromancy     | 2 4 6 8 9 11 13 14 | 14.1
Dodging        | 2 3 4 5 6 7 |  7.7
Shields        | 3 4 |  4.1
Charms         | 5 |  5.1
Ice Magic      | 1 |  1.3
Stealth        | |  1.7
Summonings     | |  1.0
Translocations | |  0.8

Action                   |  1- 3 |  4- 6 |  7- 9 | 10-12 | 13-15 || total
-------------------------+-------+-------+-------+-------+-------++-------
Melee: Dagger            |     5 |       |       |       |       ||     5
       Spear             |    18 |    53 |       |       |       ||    71
       Whip              |       |    66 |   251 |    90 |   233 ||   640
       Headbutt          |       |       |    25 |    57 |       ||    82
       Staff             |       |       |       |   257 |   450 ||   707
 Cast: Magic Dart        |    74 |    78 |   163 |   146 |    60 ||   521
       Mephitic Cloud    |     2 |     7 |    17 |    28 |     6 ||    60
       Conjure Flame     |     1 |     1 |    12 |     5 |       ||    19
       Sublimation of Bl |       |       |     3 |    32 |    40 ||    75
       Animate Skeleton  |       |       |     1 |       |       ||     1
       Vampiric Draining |       |       |       |    75 |   110 ||   185
       Regeneration      |       |       |       |    33 |    29 ||    62
       Blink             |       |       |       |     9 |     2 ||    11
       Animate Dead      |       |       |       |    15 |    26 ||    41
       Bolt of Draining  |       |       |       |    52 |   107 ||   159
       Ozocubu's Armour  |       |       |       |       |     6 ||     6
       Dispel Undead     |       |       |       |       |     4 ||     4
Invok: Receive Corpses   |       |       |       |     5 |     5 ||    10
       Brand Weapon With |       |       |       |       |     1 ||     1
 Abil: Evoke Flight      |       |       |       |       |     2 ||     2
       Stop Flying       |       |       |       |       |     1 ||     1
  Use: Scroll            |       |    12 |    12 |    15 |     7 ||    46
       Potion            |       |       |     2 |     1 |     2 ||     5
 Stab: Sleeping          |     1 |     3 |     5 |     5 |    13 ||    27
       Confused          |       |     1 |     2 |    15 |     2 ||    20
       Distracted        |       |     1 |     1 |       |     3 ||     5
  Eat: Chunk             |     3 |    11 |    22 |    33 |    41 ||   110
       Fruit             |       |       |       |     5 |     9 ||    14
       Meat ration       |       |       |       |     1 |       ||     1
Armor: Robe              |    11 |     6 |    38 |   116 |   171 ||   342
Dodge: Dodged            |    31 |    47 |   119 |   261 |   398 ||   856
Block: Other             |       |       |    16 |    38 |       ||    54
       Buckler           |       |       |       |    73 |   374 ||   447
